 Dungeon Crawl Stone Soup version 0.30-a0-168-g0b976cbdc4 (webtiles) character file.

Game seed: 7327148628019186065

655 qw the Chopper (level 7, -4/43 HPs)
             Began as a Gargoyle Fighter on Sept 29, 2022.
             Was an Initiate of Okawaru.
             Slain by a bullfrog skeleton (5 damage)
             ... on level 5 of the Dungeon.
             The game lasted 00:02:01 (4765 turns).

qw the Chopper (Gargoyle Fighter)                   Turns: 4765, Time: 00:02:02

Health: -4/43      AC: 16    Str: 21    XL:     7   Next: 54%
Magic:  7/7        EV:  7    Int:  9    God:    Okawaru [......]
Gold:   344        SH:  4    Dex:  9    Spells: 6/6 levels left

rFire   . . .      SeeInvis .    Y - +2 war axe
rCold   . . .      Faith    .    c - +0 buckler
rNeg    + . .      Spirit   .    o - +0 chain mail
rPois   inf        Reflect  .    l - +0 helmet
rElec   +          Harm     .    (no cloak)
rCorr   .          Rampage  .    j - +0 pair of gloves
Will    .....                    (no boots)
Stlth   ..........               (no amulet)
HPRegen 0.14/turn                (no ring)
MPRegen 0.10/turn                (no ring)

@: no status effects
A: sickness immunity, AC +4, negative energy resistance 1, electricity
resistance, torment resistance 1, petrification resistance
a: Renounce Religion


You were on level 5 of the Dungeon.
You worshipped Okawaru.
Okawaru was noncommittal.
You visited 2 branches of the dungeon, and saw 6 of its levels.
You also visited: Ossuary.

You collected 461 gold pieces.
You spent 117 gold pieces at shops.


Innate Abilities, Weirdness & Mutations

You are immune to sickness and miasma.
Your stone body is resilient. (AC +4)
You are immune to poison.
You resist negative energy. (rN+)
You are resistant to electric shocks. (rElec)
You are resistant to unholy torment.
You are immune to petrification.


   Skills:
 + Level 4.1 Fighting
 - Level 7.0 Axes
 - Level 3.2 Armour
 - Level 1.1 Dodging
 - Level 3.2 Shields


You had 6 spell levels left.
You didn't know any spells.
Your spell library was empty.

Inventory:

Hand Weapons
 a - a +0 flail
 Y - a +2 war axe (weapon)
Missiles
 k - a boomerang (quivered)
Armour
 c - a +0 buckler (worn)
 j - a +0 pair of gloves (worn)
 l - a +0 helmet (worn)
 o - a +0 chain mail (worn)
Scrolls
 i - a scroll of identify
 q - 4 scrolls of teleportation
Potions
 b - 2 potions of lignification
 d - 2 potions of might
 e - a potion of haste
 f - a potion of resistance
 h - a potion of attraction {unknown}
 m - a potion of curing
 n - a potion of berserk rage {unknown}
 p - a potion of cancellation {unknown}

Dungeon Overview and Level Annotations

Branches:
Dungeon (5/15)             Temple (1/1) D:5         Ossuary (visited)

Altars:
Ashenzari
Dithmenos
Fedhas
Gozag
Hepliaklqana
Nemelex Xobeh
Okawaru
Qazlal
Trog
Wu Jian
Yredelemnul
Zin
The Shining One

Shops:
D:2 ([:*[


Message History

The phantom hits you but does no damage.
The orc priest mumbles some strange prayers to Beogh against you.
Beogh smites you!
The bullfrog skeleton hits you but does no damage.
You hit the phantom.
The phantom is heavily damaged.
You hit the bullfrog skeleton. You slash the bullfrog skeleton!
The bullfrog skeleton hits you.
The bullfrog skeleton hits you but does no damage.
The orc priest hits the withered plant with a +0 flail!
The withered plant begins to crumble.
The phantom closely misses you.
The orc priest casts a cantrip, but nothing happens.
You hit the bullfrog skeleton.
The bullfrog skeleton is severely damaged.
You closely miss the phantom. You slash the bullfrog skeleton!
You closely miss the orc. The bullfrog skeleton hits you.
You block the bullfrog skeleton's attack.
The phantom hits you but does no damage.
The orc barely misses you.
You block the bullfrog skeleton's attack.
The bullfrog skeleton hits you but does no damage.
You hit the bullfrog skeleton.
The bullfrog skeleton is almost destroyed.
You hit the phantom but do no damage.
You completely miss the bullfrog skeleton.
You hit the orc.
The phantom hits you but does no damage.
The orc hits you but does no damage.
The bullfrog skeleton hits you but does no damage.
You block the bullfrog skeleton's attack.
You slash the bullfrog skeleton!
You destroy the bullfrog skeleton!
Okawaru accepts your kill.
You slash the bullfrog skeleton! You barely miss the orc. You hit the phantom.
The bullfrog skeleton hits you but does no damage.
The orc hits you with a +0 war axe.
The orc priest invokes the aid of Beogh against you.
Beogh smites you! The phantom barely misses you.
The bullfrog skeleton hits you.
You die...

#.........~.......#
####.###..~~...¤.##
##>###.~~¤¤¤.¤¤#
#......~~~¤¤¤..# .
###...##.~~~¤¤¤..# ..
....>..#..~¤¤¤¤..####.=.
##.........¤¤¤.¤.....P..
#..........<....W...P8.
##...........>.Z@sZ.....
.........#####.oo#######
###.....## #¤¤oo#
###.### ¤¤¤¤¤.# #.#
#..¤¤¤¤o# #.# #..8¤P.¤#
#####.# #¤¤..8..#
......# #.##....#
####### #. ......


You could see a phantom, a scorpion, 2 orc priests, 3 orcs, a hound zombie and a
bullfrog skeleton.

Vanquished Creatures
  3 scorpions
  2 bullfrog zombies (D:5)
  A bullfrog skeleton (D:5)
  A jelly (D:3)
  An iguana (D:5)
  An orc wizard (D:4)
  A scorpion zombie (D:5)
  8 mummies (Ossuary)
  7 adders
  3 gnolls (D:2)
  2 worms
  6 dart slugs
  7 orcs
  5 bats
  9 endoplasms
  4 giant cockroaches
  3 goblins
  6 hobgoblins
  10 jackals
  A quokka (D:1)
  10 ball pythons
  4 frilled lizards
  3 gnoll zombies (Ossuary)
  3 hobgoblin zombies (Ossuary)
  11 kobolds
  A kobold zombie (Ossuary)
  An orc zombie (Ossuary)
  7 rats
121 creatures vanquished.

Vanquished Creatures (others)
  3 plants
  A withered plant (D:5)
4 creatures vanquished.

Grand Total: 125 creatures vanquished

Notes
Turn   | Place    | Note
-------+----------+-------------------------------------------
     0 | D:1      | qw the Gargoyle Fighter began the quest for the Orb.
     0 | D:1      | Reached XP level 1. HP: 14/14 MP: 1/1
     0 | D:1      | 0 ||| qw: Version: 0.2-a-12-gaebbb33
     0 | D:1      | 0 ||| qw: Game counter: 1110
     0 | D:1      | 0 ||| qw: Always use a shield: true
     0 | D:1      | 0 ||| qw: God list: Okawaru
     0 | D:1      | 0 ||| qw: Allow faded altars: false
     0 | D:1      | 0 ||| qw: Do Orc after D:15 true
     0 | D:1      | 0 ||| qw: Do second Lair branch before Depths: true
     0 | D:1      | 0 ||| qw: Lair rune preference: random
     0 | D:1      | 0 ||| qw: Plans: Normal, Zot:1-4, God:TSO, Crypt, Tomb,
                  | Pan, Slime:5, Hells, Abyss, Orb
     0 | D:1      | 0 ||| PLANNING D:1-11
    49 | D:1      | Reached skill level 2 in Axes
   145 | D:1      | Reached XP level 2. HP: 19/19 MP: 2/2
   212 | D:1      | 212 ||| Stepping ~*~*~tactically~*~*~ (stealth).
   213 | D:1      | 213 ||| Stepping ~*~*~tactically~*~*~ (stealth).
   286 | D:1      | 286 ||| Stepping ~*~*~tactically~*~*~ (hiding).
   303 | D:1      | 303 ||| Stepping ~*~*~tactically~*~*~ (hiding).
   310 | D:1      | Reached skill level 3 in Axes
   365 | D:1      | Reached XP level 3. HP: 23/23 MP: 3/3
   644 | D:1      | Found a faded altar of an unknown god.
   713 | D:1      | 713 ||| UPGRADING to +0 pair of gloves.
   718 | D:1      | 718 ||| UPGRADING to amulet of guardian spirit.
   723 | D:1      | 723 ||| READING scroll labelled RUNEDAUZUT.
   724 | D:1      | 724 ||| READING scroll labelled TILEJAY KISICO.
   725 | D:1      | 725 ||| READING scroll labelled RAUTUA HESEIS.
   748 | D:2      | 748 ||| Stepping ~*~*~tactically~*~*~ (stealth).
   748 | D:2      | Found Ezeanau's Weapon Boutique.
   750 | D:2      | 750 ||| Stepping ~*~*~tactically~*~*~ (stealth).
   757 | D:2      | Reached XP level 4. HP: 25/28 MP: 2/4
   767 | D:2      | Reached skill level 4 in Axes
   911 | D:2      | 911 ||| DROPPING +0 mace.
   926 | D:2      | 926 ||| SHOPLISTING +6 war axe of flaming (536 gold, have
                  | 61).
  1061 | D:2      | Found Yplil's Antique Armour Shoppe.
  1078 | D:2      | Found Plog's Book Boutique.
  1079 | D:2      | 1079 ||| SHOPLISTING fine plate armour (532 gold, have 61).
  1079 | D:2      | 1079 ||| SHOPLISTING glowing scale mail (133 gold, have
                  | 61).
  1079 | D:2      | 1079 ||| SHOPLISTING pair of boots (85 gold, have 61).
  1079 | D:2      | 1079 ||| SHOPLISTING transparent ring mail (171 gold, have
                  | 61).
  1093 | D:2      | 1093 ||| READING scroll labelled FAISIONUNUM.
  1603 | D:2      | Found Soracebu's Antique Armour Boutique.
  1608 | D:2      | 1608 ||| BUYING chain mail (117 gold).
  1608 | D:2      | Bought a chain mail for 117 gold pieces
  1608 | D:2      | 1608 ||| SHOPLISTING distressingly furry chain mail (247
                  | gold, have 3).
  1608 | D:2      | 1608 ||| SHOPLISTING pair of runed gloves (195 gold, have
                  | 3).
  1608 | D:2      | 1608 ||| SHOPLISTING shiny plate armour (676 gold, have 3).
  1608 | D:2      | 1608 ||| SHOPLISTING shiny ring mail (182 gold, have 3).
  1608 | D:2      | 1608 ||| SHOPLISTING steaming ring mail (234 gold, have 3).
  1692 | D:2      | Found Serriu's General Store.
  1698 | D:2      | 1698 ||| SHOPLISTING scarf of repulsion (120 gold, have 3).
  1698 | D:2      | 1698 ||| SHOPLISTING scroll of identify (20 gold, have 3).
  1698 | D:2      | 1698 ||| SHOPLISTING scroll of teleportation (30 gold, have
                  | 3).
  1848 | D:2      | Reached XP level 5. HP: 32/32 MP: 5/5
  1925 | D:2      | 1925 ||| UPGRADING to +0 helmet.
  1930 | D:2      | 1930 ||| UPGRADING to +0 chain mail.
  1940 | D:2      | 1940 ||| DROPPING +0 scale mail.
  1941 | D:2      | 1941 ||| READING scroll labelled TEATRU WITHRUU.
  1942 | D:2      | 1942 ||| READING scroll labelled AGGIAWN YPIVE.
  1977 | D:3      | 1977 ||| Stepping ~*~*~tactically~*~*~ (stealth).
  2061 | D:3      | 2061 ||| READING scroll labelled BOXOIBOPLU.
  2068 | D:3      | Reached skill level 5 in Axes
  2142 | D:3      | 2142 ||| Stepping ~*~*~tactically~*~*~ (hiding).
  2315 | D:3      | 2315 ||| Stepping ~*~*~tactically~*~*~ (stealth).
  2316 | D:3      | 2316 ||| Stepping ~*~*~tactically~*~*~ (stealth).
  2456 | D:3      | 2456 ||| Stepping ~*~*~tactically~*~*~ (stealth).
  2460 | D:3      | 2460 ||| Stepping ~*~*~tactically~*~*~ (stealth).
  2463 | D:3      | 2463 ||| Stepping ~*~*~tactically~*~*~ (stealth).
  2466 | D:3      | 2466 ||| Stepping ~*~*~tactically~*~*~ (stealth).
  2467 | D:3      | 2467 ||| Stepping ~*~*~tactically~*~*~ (stealth).
  2472 | D:3      | 2472 ||| Stepping ~*~*~tactically~*~*~ (stealth).
  2637 | D:3      | 2637 ||| READING scroll of enchant weapon.
  2637 | D:3      | 2637 ||| ENCHANTING +1 war axe.
  2828 | D:3      | 2828 ||| DROPPING orb of mayhem.
  2829 | D:3      | 2829 ||| DRINKING 2 yellow potions.
  2830 | D:3      | 2830 ||| READING 2 scrolls of identify.
  2830 | D:3      | 2830 ||| IDENTIFYING black potion
  2831 | D:3      | 2831 ||| DROPPING potion of brilliance.
  2849 | D:4      | 2849 ||| PLANNING OSSUARY
  2861 | D:4      | Reached XP level 6. HP: 34/38 MP: 4/6
  2861 | D:4      | 2861 ||| STAIRDANCE
  2952 | D:4      | Found a sand-covered staircase.
  2953 | D:4      | 2953 ||| READING scroll labelled BYAJON ULONEOTT.
  2962 | Ossuary  | Entered an ossuary
  3146 | Ossuary  | Reached skill level 6 in Axes
  3296 | Ossuary  | 3296 ||| DRINKING 3 grey potions.
  3297 | Ossuary  | 3297 ||| DRINKING 2 dark potions.
  3298 | Ossuary  | 3298 ||| DROPPING 2 potions of flight.
  3317 | D:4      | 3317 ||| PLANNING D:1-11
  3387 | D:4      | 3387 ||| Stepping ~*~*~tactically~*~*~ (stealth).
  3408 | D:4      | Reached skill level 1 in Dodging
  3530 | D:4      | 3530 ||| Stepping ~*~*~tactically~*~*~ (hiding).
  3535 | D:4      | 3535 ||| Stepping ~*~*~tactically~*~*~ (hiding).
  3679 | D:4      | Found a shadowy altar of Dithmenos.
  3863 | D:4      | 3863 ||| Stepping ~*~*~tactically~*~*~ (hiding).
  4088 | D:4      | Found a glowing golden altar of the Shining One.
  4160 | D:4      | Found a broken altar of Ashenzari.
  4331 | D:4      | Reached XP level 7. HP: 43/43 MP: 7/7
  4375 | D:4      | 4375 ||| DROPPING ring of magical power.
  4376 | D:4      | 4376 ||| READING 3 scrolls of identify.
  4376 | D:4      | 4376 ||| IDENTIFYING red potion
  4377 | D:4      | 4377 ||| READING 2 scrolls of identify.
  4377 | D:4      | 4377 ||| IDENTIFYING fizzy inky potion
  4413 | D:5      | Entered Level 5 of the Dungeon
  4464 | D:5      | 4464 ||| Stepping ~*~*~tactically~*~*~ (stealth).
  4493 | D:5      | Reached skill level 7 in Axes
  4519 | D:5      | Found a staircase to the Ecumenical Temple.
  4520 | D:5      | 4520 ||| PLANNING TEMPLE
  4520 | D:5      | 4520 ||| READING scroll labelled MISHOAM MALESCH.
  4527 | Temple   | Entered the Ecumenical Temple
  4545 | Temple   | 4545 ||| PLANNING OKAWARU WORSHIP
  4659 | Temple   | Became a worshipper of Warmaster Okawaru
  4660 | Temple   | 4660 ||| PLANNING D:1-11
  4660 | Temple   | 4660 ||| REMOVING amulet of guardian spirit.
  4665 | Temple   | 4665 ||| DROPPING amulet of guardian spirit.
  4765 | D:5      | HP: 1/43 [orc priest/divine providence (15)]
  4765 | D:5      | Slain by a bullfrog skeleton

Levels and vault maps discovered:
D:1:      spicycebolla_arrival_clurvy, layout_basic,
          dreamdust_ecumenical_altar_statues
D:2:      layout_basic, serial_shops, nicolae_shop_bloodbath_and_beyond, shop,
          nicolae_shop_crystal, nicolae_shop_statue_plus,
          nicolae_shop_advertising_works [nicolae_subvault_shop_adworks],
          minivault_14, nicolae_underground_beach
D:3:      layout_loops_ring, glass_columns_b, serial_bayou_pond_b,
          kennysheep_decorative_pillar, minmay_misc_feat_doors,
          chequers_serial_rivers_micro_b
D:4:      layout_gridville, nicolae_dithmenos_the_darkroom,
          mainiacjoe_overflow_alcove_2, lemuel_doored_altar,
          nicolae_ossuary_entry_monument
D:5:      layout_loops_cross, mainiacjoe_overflow_alcove_1, temple_green,
          serial_undead, serial_undead_e, serial_undead_e, serial_undead_b,
          serial_undead_f
Temple:   hellmonk_temple_beads

Skill      XL: |  1  2  3  4  5  6  7 |
---------------+----------------------+-----
Axes           | 2 3 4 5 6 7 |  7.0
Fighting       | 4 |  4.1
Dodging        | 1 |  1.1
Armour         | |  3.2
Shields        | |  3.2

Action                   |  1- 3 |  4- 6 |  7- 9 || total
-------------------------+-------+-------+-------++-------
Melee: War axe           |    70 |   254 |    34 ||   358
Throw: Boomerang         |       |    10 |     5 ||    15
  Use: Scroll            |     3 |     7 |     3 ||    13
       Potion            |       |     3 |       ||     3
 Stab: Distracted        |       |     1 |       ||     1
Armor: Scale mail        |    34 |    64 |       ||    98
       Chain mail        |       |    86 |    38 ||   124
Dodge: Dodged            |    32 |    93 |    13 ||   138
Block: Buckler           |    10 |    40 |     9 ||    59

Table legend:
 A = Non-vault XP
 B = Vault XP
 C = Vault XP percentage of total XP
 D = Non-vault monster count
 E = Vault monster count
 F = Vault count percentage of total count
                 A         B        C        D         E       F
            +---------+---------+-------+---------+---------+-------
      Total |     654 |     324 |  33.1 |      98 |      23 |  19.0
            +---------+---------+-------+---------+---------+-------
        D:1 |      52 |       0 |   0.0 |      28 |       0 |   0.0
        D:2 |     115 |       0 |   0.0 |      22 |       0 |   0.0
        D:3 |     136 |       5 |   3.5 |      28 |       3 |   9.7
        D:4 |     234 |       0 |   0.0 |      18 |       0 |   0.0
        D:5 |     117 |     167 |  58.8 |       2 |       4 |  66.7
    Ossuary |       0 |     152 | 100.0 |       0 |      16 | 100.0
            +---------+---------+-------+---------+---------+-------
